Canucks vs BlackHawks

Created - April 2, 2016 at 10:52

Goals
1 2 3 T
Canucks 2 0 0 2
BlackHawks 1 0 0 1
Shots
1 2 3 T
Canucks 10 5 12 27
BlackHawks 9 4 1 14

1st period

1. Canucks , Claude Giroux 29 (Andrei Markov, Alex Pietrangelo) at 2:20 (SH)
2. BlackHawks , Alex Galchenyuk 31 (Ryan OReilly, Dion Phaneuf) at 3:54 (PP)
3. Canucks , Alex Pietrangelo 10 (Adam Henrique, Evgeny Kuznetsov) at 10:41 (PP)

Penalties :
Logan Couture (VAN) for Hooking (Minor) at 0:29, Claude Giroux (VAN) for Hooking (Minor) at 2:29, Travis Hamonic (CHI) for Interference (Minor) at 7:06, Robyn Regehr (CHI) for Interference (Minor) at 7:35, Travis Hamonic (CHI) for Tripping (Minor) at 10:35, Alex Pietrangelo (VAN) for Interference (Minor) at 12:50

2nd period

No Goal

Penalties :
Kevin Bieksa (CHI) for Roughing (Minor) at 6:23, Chris Kreider (VAN) for Hooking (Minor) at 16:12, Robyn Regehr (CHI) for Tripping (Minor) at 18:25

3rd period

No Goal

Penalties :
Dion Phaneuf (CHI) for Hooking (Minor) at 1:23, Marek Zidlicky (CHI) for Hooking (Minor) at 3:44, Erik Karlsson (VAN) for Unsportsmanlike conduct (Minor) at 7:19, Robyn Regehr (CHI) for Slashing (Minor) at 11:47, Luke Gazdic (CHI) for Hooking (Minor) at 16:12

Goalie Stats

Henrik Lundqvist (VAN), 13 saves from 14 shots - (0.929), W, 33-24-7, 60:00 minutes
Sergei Bobrovsky (CHI), 25 saves from 27 shots - (0.926), L, 17-29-8, 58:40 minutes

Players Stats for Canucks

Player Name              G  A  P  +/- PIM S  H  SB GA TA FO     MP     PP MP  PK MP  
------------------------------------------------------------------------------------
Adam Henrique            0  1  1   1  0   7  0  1  0  0  1/3    22:46   6:32   5:10 
Alex Pietrangelo         1  1  2   1  2   2  1  0  0  0  0/0    20:43   5:55   2:53 
Andrei Markov            0  1  1   1  0   3  1  3  0  0  0/0    23:32   5:55   4:19 
Brent Burns              0  0  0   0  0   0  1  1  0  0  0/0    19:46   7:31   1:18 
Chris Kreider            0  0  0   0  2   1  1  0  0  0  0/1    13:05   0:50   0:14 
Claude Giroux            1  0  1   1  2   2  4  0  0  0  14/27  22:34   7:56   3:27 
Cody Ceci                0  0  0   0  0   0  1  1  0  0  0/0    14:43   0:00   5:02 
Erik Karlsson            0  0  0   0  2   2  3  0  0  0  0/0    22:54   8:33   0:28 
Evgeny Kuznetsov         0  1  1   0  0   1  2  0  0  0  5/12    8:29   6:32   1:09 
Jimmy Hayes              0  0  0   0  0   0  0  0  0  0  0/0    13:04   1:02   0:00 
Jonas Brodin             0  0  0   0  0   0  2  1  0  0  0/0    18:20   1:02   4:42 
Logan Couture            0  0  0   0  2   1  1  0  0  0  0/0    18:20   6:54   0:00 
Marcus Kruger            0  0  0   0  0   3  0  1  0  0  9/13   16:10   0:00   3:26 
Matt Cooke               0  0  0   0  0   0  0  0  0  0  0/0     6:48   1:02   5:04 
Phil Kessel              0  0  0   0  0   1  1  0  0  0  1/1    17:09   5:42   0:00 
Reilly Smith             0  0  0   0  0   0  0  0  0  0  0/0     1:47   0:00   0:12 
Ryan Johansen            0  0  0   0  0   4  1  0  0  0  6/11   19:59   6:54   0:00 
Ryan Strome              0  0  0   0  0   0  1  0  0  0  0/0    10:25   0:00   0:00 

Players Stats for BlackHawks

Player Name              G  A  P  +/- PIM S  H  SB GA TA FO     MP     PP MP  PK MP  
------------------------------------------------------------------------------------
Adam McQuaid             0  0  0   0  0   0  1  0  0  0  0/0    13:57   0:10   5:37 
Alex Galchenyuk          1  0  1   0  0   2  0  0  0  0  0/2    17:33   4:45   1:11 
Bobby Farnham            0  0  0   0  0   0  0  0  0  0  0/0     6:33   0:00   0:00 
Dion Phaneuf             0  1  1   0  2   0  1  2  0  0  0/0    23:21   5:10   5:14 
Jared Boll               0  0  0   0  0   0  2  1  0  0  1/1    16:05   0:00   6:14 
Jason Demers             0  0  0  -1  0   1  0  0  0  0  0/0    16:18   4:01   0:00 
Keith Aulie              0  0  0   0  0   0  2  0  0  0  0/0     9:34   0:00   1:24 
Kevin Bieksa             0  0  0  -1  2   0  1  1  0  0  0/0    20:30   4:11   6:32 
Luke Gazdic              0  0  0   0  2   0  0  0  0  0  0/1    10:34   0:00   4:02 
Marek Zidlicky           0  0  0   0  2   3  1  2  0  0  0/0    18:34   5:10   0:00 
Robyn Regehr             0  0  0   0  6   0  4  2  0  0  0/0    15:51   0:00   4:57 
Ryan Malone              0  0  0  -1  0   0  1  1  0  0  11/21  17:20   4:36   6:11 
Ryan OReilly             0  1  1   0  0   4  0  0  0  0  10/18  21:02   4:45   4:40 
Ryan Reaves              0  0  0   0  0   0  0  0  0  0  2/5     8:10   0:00   0:00 
Tom Wilson               0  0  0   0  0   0  0  0  0  0  0/1    15:29   4:45   0:00 
Travis Hamonic           0  0  0   0  4   0  1  1  0  0  0/0    18:07   0:00   5:11 
Trevor Lewis             0  0  0  -1  0   3  0  0  0  0  8/19   19:35   4:36   5:08 
Zack Kassian             0  0  0  -1  0   1  3  0  0  0  0/0    15:20   4:36   0:00 

3 Stars

1 - Alex Pietrangelo (VAN)
2 - Claude Giroux (VAN)
3 - Andrei Markov (VAN)

Power Play

Canucks - 1 on 9 Attempt(s) - 11.11%
BlackHawks - 1 on 5 Attempt(s) - 20.00%

Penalty Kill

Canucks - 4 on 5 Attempt(s) - 80.00% - Score 1 goal in Penalty Kill
BlackHawks - 8 on 9 Attempt(s) - 88.89% - Score 0 goal in Penalty Kill

Team Stat

Canucks - Hits : 20 - Faceoff Wins : 36 - Blocked Shots : 8 - Penalty Minutes : 10
BlackHawks - Hits : 17 - Faceoff Wins : 32 - Blocked Shots : 10 - Penalty Minutes : 18

Official

Referees : Paul Devorski and Dean Morton
Linesman : Brad Lazarowich and Steve Miller

Game Notes

No Game Note

Finance

Level 1 -- Attendance: 6302 (96.95%) -- Ticket Income $699,522
Level 2 -- Attendance: 4520 (90.40%) -- Ticket Income $339,000
Level 3 -- Attendance: 3023 (86.37%) -- Ticket Income $166,265
Level 4 -- Attendance: 2927 (78.75%) -- Ticket Income $108,299
Luxury Box -- Attendance: 875 (87.50%) -- Ticket Income $174,125
Game was played at the United Center.
Total Attendance: 17647 (89.50%)
Total Ticket Income: $1,487,211
Other Income: $223,082
Total Income: $1,710,293

% Time on Ice - Canucks

Lines # - Real PCT - Wanted PCT - Time Play
Normal Forward
1 - 32% - 36% - 11:27
2 - 29% - 34% - 10:25
3 - 34% - 18% - 12:02
4 - 4% - 12% - 1:35
Normal Defense
1 - 36% - 35% - 12:36
2 - 34% - 32% - 11:56
3 - 27% - 27% - 9:41
4 - 4% - 6% - 1:16
PP Forward
1 - 55% - 57% - 7:56
2 - 45% - 43% - 6:32
PP Defense
1 - 59% - 53% - 8:33
2 - 41% - 47% - 5:55
PK Forward
1 - 55% - 55% - 5:08
2 - 45% - 45% - 4:13
PK Defense
1 - 46% - 50% - 4:19
2 - 54% - 50% - 5:02
PK3 Forward
1 - 0% - 52%
2 - 0% - 48%
PK3 Defense
1 - 0% - 51%
2 - 0% - 49%
44 Forward
1 - 0% - 55%
2 - 0% - 45%
44 Defense
1 - 0% - 52%
2 - 0% - 48%
Last Minute Offensive  - 0:00
Last Minute Defensive  - 0:42
Total
Forward - 60:00
Defense - 60:00

% Time on Ice - BlackHawks

Lines # - Real PCT - Wanted PCT - Time Play
Normal Forward
1 - 30% - 38% - 10:44
2 - 28% - 32% - 9:51
3 - 19% - 20% - 6:33
4 - 23% - 10% - 8:10
Normal Defense
1 - 34% - 37% - 12:05
2 - 31% - 34% - 10:56
3 - 28% - 29% - 9:48
4 - 7% - 0% - 2:29
PP Forward
1 - 51% - 60% - 4:45
2 - 49% - 40% - 4:36
PP Defense
1 - 55% - 60% - 5:10
2 - 45% - 40% - 4:11
PK Forward
1 - 58% - 55% - 7:34
2 - 42% - 45% - 5:24
PK Defense
1 - 53% - 55% - 6:50
2 - 47% - 45% - 6:08
PK3 Forward
1 - 13% - 50% - 0:12
2 - 87% - 50% - 1:18
PK3 Defense
1 - 13% - 55% - 0:12
2 - 87% - 45% - 1:18
44 Forward
1 - 0% - 55%
2 - 0% - 45%
44 Defense
1 - 0% - 55%
2 - 0% - 45%
Last Minute Offensive  - 0:53
Last Minute Defensive  - 0:00
Total
Forward - 60:00
Defense - 60:00

Play by Play

1st period


0:01 of 1st period - Ryan Johansen wins face-off versus Ryan OReilly in neutral zone.
0:29 of 1st period - Minor Penalty to Logan Couture for Hooking.
0:30 of 1st period - Marcus Kruger wins face-off versus Trevor Lewis in Canucks zone.
1:02 of 1st period - Shot by Ryan Malone.
1:02 of 1st period - Shot Blocked by Marcus Kruger.
1:04 of 1st period - Shot by Zack Kassian.
1:04 of 1st period - Stopped by Henrik Lundqvist without a rebound.
1:05 of 1st period - Claude Giroux wins face-off versus Tom Wilson in Canucks zone.
1:15 of 1st period - Shot by Alex Galchenyuk.
1:15 of 1st period - Shot Misses the Net.
2:04 of 1st period - Shot by Marcus Kruger.
2:04 of 1st period - Stopped by Sergei Bobrovsky without a rebound.
2:05 of 1st period - Claude Giroux wins face-off versus Trevor Lewis in BlackHawks zone.
2:20 of 1st period - Shot by Claude Giroux.
2:20 of 1st period - Goal by Claude Giroux - Canucks : 1 - BlackHawks : 0.
2:21 of 1st period - Marcus Kruger wins face-off versus Trevor Lewis in neutral zone.
2:29 of 1st period - Minor Penalty to Claude Giroux for Hooking.
2:30 of 1st period - Trevor Lewis wins face-off versus Evgeny Kuznetsov in Canucks zone.
3:52 of 1st period - Shot by Ryan OReilly.
3:52 of 1st period - Shot Hit the Post.
3:54 of 1st period - Shot by Alex Galchenyuk.
3:54 of 1st period - Goal by Alex Galchenyuk - Canucks : 1 - BlackHawks : 1.
3:55 of 1st period - Ryan Reaves wins face-off versus Ryan Johansen in neutral zone.
3:58 of 1st period - Alex Pietrangelo is hit by Keith Aulie and loses puck.
4:02 of 1st period - Icing by Alex Pietrangelo.
4:03 of 1st period - Ryan Johansen wins face-off versus Ryan Reaves in Canucks zone.
4:12 of 1st period - Shot by Alex Pietrangelo.
4:12 of 1st period - Shot Misses the Net.
4:14 of 1st period - Shot by Alex Pietrangelo.
4:14 of 1st period - Shot Blocked by Robyn Regehr.
4:22 of 1st period - Shot by Logan Couture.
4:22 of 1st period - Shot Misses the Net.
4:30 of 1st period - Shot by Ryan Johansen.
4:30 of 1st period - Deflect By Phil Kessel.
4:30 of 1st period - Shot Misses the Net.
4:46 of 1st period - Shot by Ryan Johansen.
4:46 of 1st period - Shot Misses the Net.
4:48 of 1st period - Shot by Erik Karlsson.
4:48 of 1st period - Shot Blocked by Marek Zidlicky.
5:18 of 1st period - Shot by Adam Henrique.
5:18 of 1st period - Stopped by Sergei Bobrovsky with a rebound.
5:30 of 1st period - Shot by Adam Henrique.
5:30 of 1st period - Stopped by Sergei Bobrovsky without a rebound.
5:31 of 1st period - Marcus Kruger wins face-off versus Ryan OReilly in BlackHawks zone.
6:04 of 1st period - Shot by Ryan OReilly.
6:04 of 1st period - Shot Blocked by Andrei Markov.
6:07 of 1st period - Icing by Jonas Brodin.
6:08 of 1st period - Marcus Kruger wins face-off versus Trevor Lewis in Canucks zone.
6:08 of 1st period - Marcus Kruger is hit by Jared Boll.
6:59 of 1st period - Shot by Claude Giroux.
6:59 of 1st period - Shot Hit the Post.
7:01 of 1st period - Shot by Claude Giroux.
7:01 of 1st period - Deflect By Ryan Strome.
7:01 of 1st period - Shot Blocked by Travis Hamonic.
7:06 of 1st period - Minor Penalty to Travis Hamonic for Interference.
7:07 of 1st period - Ryan Malone wins face-off versus Claude Giroux in BlackHawks zone.
7:35 of 1st period - Minor Penalty to Robyn Regehr for Interference.
7:36 of 1st period - Phil Kessel wins face-off versus Ryan OReilly in BlackHawks zone.
7:39 of 1st period - Shot by Adam Henrique.
7:39 of 1st period - Shot Misses the Net.
7:41 of 1st period - Shot by Alex Pietrangelo.
7:41 of 1st period - Shot Misses the Net.
7:43 of 1st period - Shot by Adam Henrique.
7:43 of 1st period - Stopped by Sergei Bobrovsky without a rebound.
7:44 of 1st period - Evgeny Kuznetsov wins face-off versus Ryan OReilly in BlackHawks zone.
8:11 of 1st period - Shot by Adam Henrique.
8:11 of 1st period - Stopped by Sergei Bobrovsky with a rebound.
8:23 of 1st period - Shot by Adam Henrique.
8:23 of 1st period - Stopped by Sergei Bobrovsky with a rebound.
8:25 of 1st period - Shot by Phil Kessel.
8:25 of 1st period - Shot Misses the Net.
8:51 of 1st period - Shot by Claude Giroux.
8:51 of 1st period - Shot Blocked by Kevin Bieksa.
8:53 of 1st period - Shot by Claude Giroux.
8:53 of 1st period - Stopped by Sergei Bobrovsky without a rebound.
8:54 of 1st period - Claude Giroux wins face-off versus Trevor Lewis in BlackHawks zone.
8:57 of 1st period - Shot by Ryan Johansen.
8:57 of 1st period - Stopped by Sergei Bobrovsky with a rebound.
8:59 of 1st period - Shot by Ryan Johansen.
8:59 of 1st period - Shot Misses the Net.
9:27 of 1st period - Shot by Jared Boll.
9:27 of 1st period - Shot Blocked by Brent Burns.
9:54 of 1st period - Off-side.
9:55 of 1st period - Ryan OReilly wins face-off versus Claude Giroux in neutral zone.
10:14 of 1st period - Shot by Ryan OReilly.
10:14 of 1st period - Stopped by Henrik Lundqvist with a rebound.
10:16 of 1st period - Shot by Ryan OReilly.
10:16 of 1st period - Stopped by Henrik Lundqvist without a rebound.
10:17 of 1st period - Marcus Kruger wins face-off versus Trevor Lewis in Canucks zone.
10:35 of 1st period - Minor Penalty to Travis Hamonic for Tripping.
10:36 of 1st period - Evgeny Kuznetsov wins face-off versus Ryan Malone in BlackHawks zone.
10:39 of 1st period - Shot by Adam Henrique.
10:39 of 1st period - Shot Blocked by Jared Boll.
10:41 of 1st period - Shot by Alex Pietrangelo.
10:41 of 1st period - Goal by Alex Pietrangelo - Canucks : 2 - BlackHawks : 1.
10:42 of 1st period - Ryan OReilly wins face-off versus Ryan Johansen in neutral zone.
10:52 of 1st period - Icing by Brent Burns.
10:53 of 1st period - Ryan Malone wins face-off versus Ryan Johansen in Canucks zone.
11:31 of 1st period - Icing by Logan Couture.
11:32 of 1st period - Ryan Johansen wins face-off versus Ryan OReilly in Canucks zone.
11:44 of 1st period - Icing by Jason Demers.
11:45 of 1st period - Ryan OReilly wins face-off versus Adam Henrique in BlackHawks zone.
11:45 of 1st period - Ryan OReilly is hit by Claude Giroux.
11:52 of 1st period - Alex Galchenyuk is hit by Claude Giroux.
11:54 of 1st period - Shot by Ryan OReilly.
11:54 of 1st period - Shot Blocked by Andrei Markov.
11:56 of 1st period - Shot by Jason Demers.
11:56 of 1st period - Stopped by Henrik Lundqvist without a rebound.
11:57 of 1st period - Trevor Lewis wins face-off versus Marcus Kruger in Canucks zone.
11:59 of 1st period - Zack Kassian is hit by Erik Karlsson and loses puck.
12:05 of 1st period - Zack Kassian is hit by Erik Karlsson.
12:40 of 1st period - Travis Hamonic is hit by Chris Kreider and loses puck.
12:50 of 1st period - Minor Penalty to Alex Pietrangelo for Interference.
12:51 of 1st period - Ryan OReilly wins face-off versus Claude Giroux in Canucks zone.
12:54 of 1st period - Shot by Tom Wilson.
12:54 of 1st period - Shot Misses the Net.
12:56 of 1st period - Shot by Jason Demers.
12:56 of 1st period - Shot Misses the Net.
12:58 of 1st period - Shot by Alex Galchenyuk.
12:58 of 1st period - Shot Misses the Net.
13:11 of 1st period - Tom Wilson is hit by Cody Ceci and loses puck.
14:03 of 1st period - Shot by Marek Zidlicky.
14:03 of 1st period - Stopped by Henrik Lundqvist without a rebound.
14:04 of 1st period - Ryan OReilly wins face-off versus Adam Henrique in Canucks zone.
14:29 of 1st period - Shot by Alex Galchenyuk.
14:29 of 1st period - Shot Blocked by Jonas Brodin.
15:36 of 1st period - Icing by Erik Karlsson.
15:37 of 1st period - Ryan Johansen wins face-off versus Trevor Lewis in Canucks zone.
15:37 of 1st period - Ryan Johansen is hit by Zack Kassian.
16:41 of 1st period - Icing by Dion Phaneuf.
16:42 of 1st period - Ryan Malone wins face-off versus Claude Giroux in BlackHawks zone.
16:42 of 1st period - Dion Phaneuf is hit by Claude Giroux and loses puck.
17:25 of 1st period - Shot by Alex Galchenyuk.
17:25 of 1st period - Deflect By Ryan OReilly.
17:25 of 1st period - Shot Blocked by Andrei Markov.
18:17 of 1st period - Shot by Trevor Lewis.
18:17 of 1st period - Stopped by Henrik Lundqvist with a rebound.
18:23 of 1st period - Shot by Zack Kassian.
18:23 of 1st period - Shot Misses the Net.
18:25 of 1st period - Shot by Marek Zidlicky.
18:25 of 1st period - Stopped by Henrik Lundqvist without a rebound.
18:26 of 1st period - Marcus Kruger wins face-off versus Ryan Reaves in Canucks zone.
19:12 of 1st period - Icing by Travis Hamonic.
19:13 of 1st period - Ryan Johansen wins face-off versus Ryan Reaves in BlackHawks zone.
19:40 of 1st period - Alex Pietrangelo is hit by Keith Aulie.
19:47 of 1st period - Off-side.
19:48 of 1st period - Ryan OReilly wins face-off versus Chris Kreider in neutral zone.
19:59 of 1st period - Shot by Alex Galchenyuk.
19:59 of 1st period - Stopped by Henrik Lundqvist without a rebound.
Goals for this period are 2 for Canucks vs 1 for BlackHawks.
Shots for this period are 10 for Canucks vs 9 for BlackHawks.

2nd period


0:01 of 2nd period - Claude Giroux wins face-off versus Alex Galchenyuk in neutral zone.
0:10 of 2nd period - Shot by Claude Giroux.
0:10 of 2nd period - Shot Misses the Net.
0:15 of 2nd period - Ryan OReilly is hit by Andrei Markov and loses puck.
0:56 of 2nd period - Icing by Jonas Brodin.
0:57 of 2nd period - Claude Giroux wins face-off versus Ryan Malone in Canucks zone.
2:18 of 2nd period - Shot by Chris Kreider.
2:18 of 2nd period - Stopped by Sergei Bobrovsky without a rebound.
2:19 of 2nd period - Ryan OReilly wins face-off versus Ryan Johansen in BlackHawks zone.
2:54 of 2nd period - Shot by Alex Galchenyuk.
2:54 of 2nd period - Deflect By Ryan OReilly.
2:54 of 2nd period - Stopped by Henrik Lundqvist without a rebound.
2:55 of 2nd period - Marcus Kruger wins face-off versus Trevor Lewis in Canucks zone.
2:55 of 2nd period - Marcus Kruger is hit by Zack Kassian.
3:00 of 2nd period - Icing by Chris Kreider.
3:01 of 2nd period - Trevor Lewis wins face-off versus Marcus Kruger in Canucks zone.
3:20 of 2nd period - Shot by Trevor Lewis.
3:20 of 2nd period - Stopped by Henrik Lundqvist with a rebound.
4:05 of 2nd period - Off-side.
4:06 of 2nd period - Ryan Malone wins face-off versus Claude Giroux in neutral zone.
4:38 of 2nd period - Claude Giroux is hit by Travis Hamonic and loses puck.
5:33 of 2nd period - Shot by Ryan Johansen.
5:33 of 2nd period - Stopped by Sergei Bobrovsky without a rebound.
5:34 of 2nd period - Marcus Kruger wins face-off versus Trevor Lewis in BlackHawks zone.
5:54 of 2nd period - Icing by Trevor Lewis.
5:55 of 2nd period - Claude Giroux wins face-off versus Trevor Lewis in BlackHawks zone.
6:11 of 2nd period - Ryan Strome is hit by Kevin Bieksa and loses puck.
6:23 of 2nd period - Minor Penalty to Kevin Bieksa for Roughing.
6:24 of 2nd period - Claude Giroux wins face-off versus Ryan Malone in BlackHawks zone.
6:51 of 2nd period - Shot by Claude Giroux.
6:51 of 2nd period - Shot Blocked by Dion Phaneuf.
6:55 of 2nd period - Shot by Logan Couture.
6:55 of 2nd period - Shot Misses the Net.
6:57 of 2nd period - Shot by Andrei Markov.
6:57 of 2nd period - Shot Blocked by Robyn Regehr.
6:59 of 2nd period - Shot by Alex Pietrangelo.
6:59 of 2nd period - Shot Misses the Net.
7:01 of 2nd period - Shot by Andrei Markov.
7:01 of 2nd period - Shot Blocked by Dion Phaneuf.
7:03 of 2nd period - Shot by Andrei Markov.
7:03 of 2nd period - Stopped by Sergei Bobrovsky without a rebound.
7:04 of 2nd period - Evgeny Kuznetsov wins face-off versus Trevor Lewis in BlackHawks zone.
7:39 of 2nd period - Shot by Trevor Lewis.
7:39 of 2nd period - Stopped by Henrik Lundqvist with a rebound.
7:53 of 2nd period - Icing by Erik Karlsson.
7:54 of 2nd period - Ryan Malone wins face-off versus Evgeny Kuznetsov in Canucks zone.
8:00 of 2nd period - Icing by Brent Burns.
8:01 of 2nd period - Evgeny Kuznetsov wins face-off versus Ryan Malone in Canucks zone.
10:31 of 2nd period - Shot by Adam Henrique.
10:31 of 2nd period - Shot Misses the Net.
10:33 of 2nd period - Shot by Cody Ceci.
10:33 of 2nd period - Shot Misses the Net.
10:41 of 2nd period - Shot by Adam Henrique.
10:41 of 2nd period - Stopped by Sergei Bobrovsky with a rebound.
10:43 of 2nd period - Shot by Cody Ceci.
10:43 of 2nd period - Shot Hit the Post.
11:35 of 2nd period - Chris Kreider is hit by Jared Boll and loses puck.
11:54 of 2nd period - Shot by Zack Kassian.
11:54 of 2nd period - Shot Misses the Net.
12:43 of 2nd period - Brent Burns is hit by Ryan Malone and loses puck.
13:23 of 2nd period - Shot by Ryan OReilly.
13:23 of 2nd period - Shot Blocked by Adam Henrique.
13:58 of 2nd period - Shot by Marcus Kruger.
13:58 of 2nd period - Stopped by Sergei Bobrovsky without a rebound.
13:59 of 2nd period - Ryan Malone wins face-off versus Ryan Johansen in BlackHawks zone.
13:59 of 2nd period - Ryan Malone is hit by Ryan Johansen.
14:09 of 2nd period - Marek Zidlicky is hit by Logan Couture and loses puck.
15:25 of 2nd period - Jason Demers is hit by Jonas Brodin and loses puck.
15:40 of 2nd period - Keith Aulie is hit by Jonas Brodin and loses puck.
16:12 of 2nd period - Minor Penalty to Chris Kreider for Hooking.
16:13 of 2nd period - Claude Giroux wins face-off versus Ryan Malone in Canucks zone.
16:52 of 2nd period - Shot by Dion Phaneuf.
16:52 of 2nd period - Shot Misses the Net.
17:04 of 2nd period - Shot by Ryan OReilly.
17:04 of 2nd period - Shot Blocked by Cody Ceci.
17:06 of 2nd period - Shot by Ryan OReilly.
17:06 of 2nd period - Stopped by Henrik Lundqvist without a rebound.
17:07 of 2nd period - Ryan OReilly wins face-off versus Marcus Kruger in Canucks zone.
17:59 of 2nd period - Shot by Marek Zidlicky.
17:59 of 2nd period - Shot Misses the Net.
18:15 of 2nd period - Shot by Adam McQuaid.
18:15 of 2nd period - Shot Misses the Net.
18:25 of 2nd period - Minor Penalty to Robyn Regehr for Tripping.
18:26 of 2nd period - Claude Giroux wins face-off versus Ryan Malone in BlackHawks zone.
18:27 of 2nd period - Shot by Erik Karlsson.
18:27 of 2nd period - Shot Blocked by Ryan Malone.
Goals for this period are 0 for Canucks vs 0 for BlackHawks.
Shots for this period are 5 for Canucks vs 4 for BlackHawks.

3rd period


0:01 of 3rd period - Ryan Malone wins face-off versus Claude Giroux in neutral zone.
0:01 of 3rd period - Adam McQuaid is hit by Claude Giroux.
0:17 of 3rd period - Shot by Brent Burns.
0:17 of 3rd period - Shot Misses the Net.
0:41 of 3rd period - Shot by Marek Zidlicky.
0:41 of 3rd period - Stopped by Henrik Lundqvist without a rebound.
0:42 of 3rd period - Trevor Lewis wins face-off versus Claude Giroux in Canucks zone.
1:23 of 3rd period - Minor Penalty to Dion Phaneuf for Hooking.
1:24 of 3rd period - Jared Boll wins face-off versus Claude Giroux in BlackHawks zone.
1:34 of 3rd period - Ryan Johansen is hit by Adam McQuaid and loses puck.
1:46 of 3rd period - Logan Couture is hit by Robyn Regehr and loses puck.
1:51 of 3rd period - Shot by Ryan Johansen.
1:51 of 3rd period - Stopped by Sergei Bobrovsky without a rebound.
1:52 of 3rd period - Trevor Lewis wins face-off versus Evgeny Kuznetsov in BlackHawks zone.
3:44 of 3rd period - Minor Penalty to Marek Zidlicky for Hooking.
3:45 of 3rd period - Claude Giroux wins face-off versus Ryan Malone in BlackHawks zone.
4:40 of 3rd period - Shot by Erik Karlsson.
4:40 of 3rd period - Stopped by Sergei Bobrovsky without a rebound.
4:41 of 3rd period - Claude Giroux wins face-off versus Ryan Malone in BlackHawks zone.
5:00 of 3rd period - Shot by Erik Karlsson.
5:00 of 3rd period - Stopped by Sergei Bobrovsky without a rebound.
5:01 of 3rd period - Ryan Malone wins face-off versus Evgeny Kuznetsov in BlackHawks zone.
5:01 of 3rd period - Ryan Malone is hit by Evgeny Kuznetsov.
5:20 of 3rd period - Shot by Phil Kessel.
5:20 of 3rd period - Stopped by Sergei Bobrovsky with a rebound.
5:22 of 3rd period - Shot by Alex Pietrangelo.
5:22 of 3rd period - Stopped by Sergei Bobrovsky without a rebound.
5:23 of 3rd period - Trevor Lewis wins face-off versus Claude Giroux in BlackHawks zone.
6:14 of 3rd period - Ryan OReilly is hit by Erik Karlsson and loses puck.
6:28 of 3rd period - Ryan OReilly is hit by Alex Pietrangelo and loses puck.
6:46 of 3rd period - Icing by Erik Karlsson.
6:47 of 3rd period - Trevor Lewis wins face-off versus Marcus Kruger in Canucks zone.
7:16 of 3rd period - Shot by Trevor Lewis.
7:16 of 3rd period - Shot Misses the Net.
7:19 of 3rd period - Minor Penalty to Erik Karlsson for Unsportsmanlike conduct.
7:20 of 3rd period - Claude Giroux wins face-off versus Ryan OReilly in Canucks zone.
10:30 of 3rd period - Shot by Adam Henrique.
10:30 of 3rd period - Stopped by Sergei Bobrovsky without a rebound.
10:31 of 3rd period - Ryan Malone wins face-off versus Claude Giroux in BlackHawks zone.
10:35 of 3rd period - Icing by Marek Zidlicky.
10:36 of 3rd period - Marcus Kruger wins face-off versus Luke Gazdic in BlackHawks zone.
10:40 of 3rd period - Jimmy Hayes is hit by Robyn Regehr.
10:55 of 3rd period - Andrei Markov is hit by Robyn Regehr and loses puck.
11:01 of 3rd period - Chris Kreider is hit by Marek Zidlicky and loses puck.
11:06 of 3rd period - Shot by Marcus Kruger.
11:06 of 3rd period - Shot Misses the Net.
11:41 of 3rd period - Claude Giroux is hit by Robyn Regehr and loses puck.
11:47 of 3rd period - Minor Penalty to Robyn Regehr for Slashing.
11:48 of 3rd period - Ryan OReilly wins face-off versus Claude Giroux in BlackHawks zone.
11:57 of 3rd period - Shot by Andrei Markov.
11:57 of 3rd period - Stopped by Sergei Bobrovsky without a rebound.
11:58 of 3rd period - Ryan OReilly wins face-off versus Evgeny Kuznetsov in BlackHawks zone.
11:58 of 3rd period - Ryan OReilly is hit by Phil Kessel.
12:19 of 3rd period - Icing by Brent Burns.
12:20 of 3rd period - Trevor Lewis wins face-off versus Evgeny Kuznetsov in Canucks zone.
12:20 of 3rd period - Travis Hamonic is hit by Brent Burns.
12:36 of 3rd period - Travis Hamonic is hit by Evgeny Kuznetsov and loses puck.
13:34 of 3rd period - Shot by Ryan Johansen.
13:34 of 3rd period - Stopped by Sergei Bobrovsky without a rebound.
13:35 of 3rd period - Claude Giroux wins face-off versus Ryan Malone in BlackHawks zone.
13:36 of 3rd period - Shot by Andrei Markov.
13:36 of 3rd period - Stopped by Sergei Bobrovsky without a rebound.
13:37 of 3rd period - Ryan Malone wins face-off versus Claude Giroux in BlackHawks zone.
14:05 of 3rd period - Shot by Marcus Kruger.
14:05 of 3rd period - Stopped by Sergei Bobrovsky with a rebound.
14:07 of 3rd period - Shot by Andrei Markov.
14:07 of 3rd period - Shot Misses the Net.
14:28 of 3rd period - Icing by Alex Galchenyuk.
14:29 of 3rd period - Ryan Johansen wins face-off versus Ryan OReilly in BlackHawks zone.
15:46 of 3rd period - Logan Couture is hit by Zack Kassian and loses puck.
15:56 of 3rd period - Logan Couture is hit by Dion Phaneuf and loses puck.
16:12 of 3rd period - Minor Penalty to Luke Gazdic for Hooking.
16:13 of 3rd period - Ryan Malone wins face-off versus Evgeny Kuznetsov in BlackHawks zone.
16:58 of 3rd period - Shot by Evgeny Kuznetsov.
16:58 of 3rd period - Stopped by Sergei Bobrovsky with a rebound.
18:04 of 3rd period - Off-side.
18:05 of 3rd period - Evgeny Kuznetsov wins face-off versus Ryan Malone in neutral zone.
18:12 of 3rd period - Shot by Phil Kessel.
18:12 of 3rd period - Shot Blocked by Marek Zidlicky.
18:14 of 3rd period - Shot by Cody Ceci.
18:14 of 3rd period - Shot Misses the Net.
18:22 of 3rd period - Shot by Logan Couture.
18:22 of 3rd period - Shot Misses the Net.
18:24 of 3rd period - Shot by Logan Couture.
18:24 of 3rd period - Stopped by Sergei Bobrovsky without a rebound.
18:25 of 3rd period - Ryan Reaves wins face-off versus Claude Giroux in BlackHawks zone.
18:25 of 3rd period - Ryan Reaves is hit by Ryan Strome.
18:33 of 3rd period - BlackHawks, Sergei Bobrovsky is pulled from the net.
18:39 of 3rd period - Shot by Ryan Reaves.
18:39 of 3rd period - Shot Misses the Net.
19:09 of 3rd period - Icing by Jonas Brodin.
19:10 of 3rd period - Claude Giroux wins face-off versus Alex Galchenyuk in Canucks zone.
19:20 of 3rd period - Icing by Dion Phaneuf.
19:21 of 3rd period - Sergei Bobrovsky from BlackHawks was sent back in the game.
19:21 of 3rd period - Adam Henrique wins face-off versus Ryan OReilly in BlackHawks zone.
19:28 of 3rd period - BlackHawks, Sergei Bobrovsky is pulled from the net.
Goals for this period are 0 for Canucks vs 0 for BlackHawks.
Shots for this period are 12 for Canucks vs 1 for BlackHawks.